 Dungeon Crawl Stone Soup version 0.16.0-17-g811c1d7 (webtiles) character file.

44 Huymann the Gusty (level 3, 0/22 HPs)
             Began as a Halfling Air Elementalist on Mar 20, 2015.
             Slain by a worm (9 damage)
             ... on level 2 of the Dungeon.
             The game lasted 00:12:27 (1713 turns).

Huymann the Gusty (Halfling Air Elementalist)       Turns: 1713, Time: 00:12:27

Health: 0/22       AC:  3    Str:  8    XL:     3   Next: 87%
Magic:  1/5        EV: 15    Int: 15    God:
Gold:   54         SH:  0    Dex: 14    Spells: 2 memorised, 2 levels left

rFire  . . .     SeeInvis .     e - +0 dagger
rCold  . . .     Clarity  .     a - +0 robe
rNeg   . . .     SustAb   .     (no shield)
rPois  .         Gourm    .     (no helmet)
rElec  .         Spirit   .     k - +0 cloak
rCorr  .         Warding  .     (no gloves)
rMut   .         Stasis   .     (no boots)
MR     .....                    (no amulet)
Stlth  ++........               (no ring)
                                (no ring)

@: not resistant to hostile enchantments, unstealthy
A: mutation resistance 1
a: no special abilities


You were on level 2 of the Dungeon.
You were not hungry.

You visited 1 branch of the dungeon, and saw 2 of its levels.

You collected 54 gold pieces.

Inventory:

Hand weapons
 e - a +0 dagger (weapon)
 f - a +0 hunting sling
Armour
 a - a +0 robe (worn)
 h - a +0 robe
 k - a +0 cloak (worn)
Jewellery
 i - a cursed ring of loudness {unknown}
Scrolls
 g - a scroll of identify {unknown}
 l - a scroll of noise {unknown}
 n - a scroll of enchant weapon {unknown}
Potions
 d - a potion of curing {unknown}
Books
 b - a book of Air

   Spells                             Type                      Level
   a - Shock                          Conjuration/Air              1
   b - Swiftness                      Charms/Air                   2
   c - Repel Missiles                 Charms/Air                   2
   d - Flight                         Charms/Air                   3
   e - Static Discharge               Conjuration/Air              3
   f - Lightning Bolt                 Conjuration/Air              5
Comestibles
 c - 2 bread rations
 m - a meat ration


   Skills:
 * Level 0.5 Fighting
 * Level 1.3 Short Blades
 + Level 2.8 Dodging
 * Level 2.4 Stealth
 * Level 1.9 Spellcasting
 * Level 1.0 Conjurations
 + Level 3.5 Air Magic


You had 2 spell levels left.
You knew the following spells:

 Your Spells              Type           Power        Failure   Level  Hunger
a - Shock                 Conj/Air       #...         12%         1    ##.....
b - Swiftness             Chrm/Air       #.......     17%         2    ###....


Dungeon Overview and Level Annotations

Branches:
Dungeon (2/15)

Altars:


Innate Abilities, Weirdness & Mutations

You are small and have problems with some larger weapons.
You are somewhat resistant to further mutation.


Message History

The worm bites you but does no damage.
You hit the worm.
The worm is severely wounded.
The worm bites you!
You hit the worm.
The worm is almost dead.
You completely miss the worm.
The worm is almost dead.
The worm completely misses you.
You hit the worm.
The worm is almost dead.
You hit the worm but do no damage.
The worm is almost dead.
The worm bites you.
You hit the worm.
The worm is almost dead.
You barely miss the worm.
The worm is almost dead.
The worm bites you!
You die...

#### ### #.. ..# # #.#
#.#
#.####.##.#######.#####
.........@w...........#
#.####.##.##.####.###.#
# #.#...###.# #.#
#......##.# #.#
#.........# #.#
####.###### #.# #.# #.#
#.# #.# ##'## #.# ##


You could see a worm.

Vanquished Creatures
  A giant gecko (D:1)
  A ball python (D:1)
  8 bats (D:1)
  8 goblins
  3 hobgoblins (D:1)
  6 kobolds
  A giant cockroach (D:1)
  A giant newt (D:1)
  6 jackals (D:1)
  7 rats (D:1)
42 creatures vanquished.

Notes
Turn   | Place    | Note
--------------------------------------------------------------
     0 | D:1      | Huymann, the Halfling Air Elementalist, began the quest for the Orb.
     0 | D:1      | Reached XP level 1. HP: 11/11 MP: 2/2
     0 | D:1      | Noticed a centaur skeleton
     0 | D:1      | Noticed a minotaur skeleton
     1 | D:1      | Noticed a vine stalker skeleton
    10 | D:1      | Noticed a vine stalker skeleton
    12 | D:1      | Noticed a merfolk skeleton
    13 | D:1      | Noticed a vine stalker skeleton
    15 | D:1      | Noticed a troll skeleton
    19 | D:1      | Noticed a spriggan skeleton
    19 | D:1      | Noticed a centaur skeleton
   375 | D:1      | Reached XP level 2. HP: 15/17 MP: 3/3
   953 | D:1      | Reached XP level 3. HP: 21/21 MP: 5/5
   956 | D:1      | Reached skill level 1 in Short Blades
   962 | D:1      | Learned a level 2 spell: Swiftness
   987 | D:1      | Reached skill level 1 in Conjurations
  1713 | D:2      | Slain by a worm

Action                   || total
-------------------------++-------
Melee: Dagger            ||   127
       Unarmed           ||     3
 Cast: Shock             ||    30
 Stab: Sleeping          ||     1
  Eat: Chunk             ||     3
